 Dungeon Crawl Stone Soup version 0.30-a0-652-gcc886f7154 (webtiles) character file.

Game seed: 627510740564896289

4 mampy3000 the Cudgeller (level 1, -1/20 HPs)
             Began as a Minotaur Berserker on Jan 17, 2023.
             Was a Follower of Trog.
             Slain by a goblin
             ... wielding a +0 club
              (4 damage)
             ... on level 1 of the Dungeon.
             The game lasted 00:00:28 (57 turns).

mampy3000 the Cudgeller (Minotaur Berserker)          Turns: 57, Time: 00:00:29

Health: -1/20      AC:  5    Str: 21    XL:     1   Next: 50%
Magic:  0/0        EV: 11    Int:  4    God:    Trog [*.....]
Gold:   0          SH:  0    Dex:  9    Spells: 0/0 levels left

rFire   . . .      SeeInvis .    a - +0 mace
rCold   . . .      Faith    .    (no shield)
rNeg    . . .      Spirit   .    c - +0 ring mail
rPois   .          Reflect  .    (helmet restricted)
rElec   .          Harm     .    (no cloak)
rCorr   .          Rampage  .    (no gloves)
Will    .....                    (no boots) Stlth
                                 (no amulet)
HPRegen 0.23/turn                (no ring)
MPRegen 0.07/turn                (no ring)

@: no status effects
A: horns 2, retaliatory headbutt
a: Renounce Religion, Berserk


You were on level 1 of the Dungeon.
You worshipped Trog.
Trog was aware of your devotion.
You visited 1 branch of the dungeon, and saw 1 of its levels.

Inventory:

Hand Weapons
 a - a +0 mace (weapon)
Armour
 c - a +0 ring mail (worn)


   Skills:
 + Level 3.7 Fighting
 + Level 3.8 Maces & Flails
 + Level 2.4 Armour
 + Level 2.2 Dodging


You couldn't memorise any spells.
You didn't know any spells.
Your spell library was empty.

Dungeon Overview and Level Annotations

Branches:
Dungeon (1/15)

Altars:


Innate Abilities, Weirdness & Mutations

You have a pair of horns on your head.
You reflexively headbutt those who attack you in melee.


Message History

You sock the frilled lizard!
You kill the frilled lizard!
Trog accepts your kill. The rat closely misses you.
You barely miss the kobold. The kobold closely misses you.
The rat closely misses you. The kobold hits you but does no damage.
The rat bites you.
You miss the kobold. Your headbutt misses the kobold.
The kobold completely misses you. The rat barely misses you.
You furiously retaliate!
You headbutt the rat!
You kill the rat!
Trog accepts your kill.
You hit the kobold.
You kill the kobold!
Trog accepts your kill. The goblin hits you but does no damage.
The endoplasm closely misses you.
You hit the endoplasm.
The endoplasm is almost dead.
The goblin barely misses you. The endoplasm freezes you.
You are frozen.
You hit the endoplasm but do no damage.
The endoplasm is almost dead.
The goblin barely misses you. The endoplasm freezes you.
You are frozen.
You barely miss the endoplasm.
The endoplasm is almost dead.
The endoplasm freezes you.
You are frozen.
The goblin closely misses you. The endoplasm freezes you.
You are frozen.
* * * LOW HITPOINT WARNING * * *
The goblin closely misses you.
You are too injured to fight recklessly!
You are too injured to fight recklessly!
The endoplasm attacks as you move away! The endoplasm hits you.
* * * LOW HITPOINT WARNING * * *
The goblin hits you with a +0 club.
You die...

#...#####......##
#.............[..
#.....##.#####.##
########'#.............
..............>##.##.##
#######.....#'###+#
#.#####.....###
#########.#[..#..[..#..
......).@.#.<.'..⌠..+.8
......Jg.!#...#.....#..
.....$....#####.....###
..........# ###+###
##........# ...#
#........# .8.#
#........# ...#
#......... ###


You could see an endoplasm and a goblin.

Vanquished Creatures
  A goblin (D:1)
  A kobold (D:1)
  A frilled lizard (D:1)
  A rat (D:1)
4 creatures vanquished.

Notes
Turn   | Place    | Note
-------+----------+-------------------------------------------
     0 | D:1      | mampy3000 the Minotaur Berserker began the quest for the
                  | Orb.
     0 | D:1      | Reached XP level 1. HP: 19/19 MP: 0/0
    57 | D:1      | Slain by a goblin

Illustrated notes

Levels and vault maps discovered:
D:1:      minmay_arrival_stair_chambers, layout_basic

Action                   || total
-------------------------++-------
Melee: Mace              ||    10
Armor: Ring mail         ||     3
Dodge: Dodged            ||    12

Table legend: (Time is in decaauts)
 A = Elapsed time spent in this place.
 B = Non-inter-level travel time spent in this place.
 C = Inter-level travel time spent in this place.
 D = Time resting spent in this place.
 E = Time spent auto-exploring this place.
 F = Levels seen in this place.
 G = Mean time per level.
                   A        B        C        D        E       F      G
               +--------+--------+--------+--------+--------+-----+--------+
         Total |     59 |     59 |      0 |      0 |     28 |   1 |   59.0 |
       Dungeon |     59 |     59 |      0 |      0 |     28 |   1 |   59.0 |
               +--------+--------+--------+--------+--------+-----+--------+

Top non-repeatable levels by time:
     D:1: 59 daAuts
